 Dungeon Crawl Stone Soup version 0.20-a0-298-g82a587e (webtiles) character file.

129 PurpleRed the Skirmisher (level 5, -2/55 HPs)
             Began as an Ogre Gladiator on Dec 15, 2016.
             Slain by an orc
             ... wielding a +0 mace
              (6 damage)
             ... on level 3 of the Dungeon.
             The game lasted 00:02:47 (2222 turns).

PurpleRed the Skirmisher (Ogre Gladiator)           Turns: 2222, Time: 00:02:48

Health: -2/55      AC:  3    Str: 20    XL:     5   Next: 12%
Magic:  5/5        EV: 10    Int:  9    God:
Gold:   200        SH:  0    Dex:  9    Spells: 4/4 levels left

rFire  . . .     SeeInvis +     a - +0 flail
rCold  + . .     Gourm    .     b - +0 robe
rNeg   . . .     Faith    .     (no shield)
rPois  .         Spirit   .     c - +0 hat
rElec  .         Reflect  .     (no cloak)
rCorr  .         Harm     .     (gloves unavailable)
MR     .....                    (boots unavailable)
Stlth  +.........               (no amulet)
                                o - ring of protection from cold
                                t - ring of see invisible

@: no status effects
A: unfitting armour, tough skin 1
a: no special abilities


You were on level 3 of the Dungeon.
You were not hungry.

You visited 1 branch of the dungeon, and saw 3 of its levels.

You collected 200 gold pieces.

Inventory:

Hand Weapons
 a - a +0 flail (weapon)
Missiles
 d - 3 throwing nets (quivered)
Armour
 b - a +0 robe (worn)
 c - a +0 hat (worn)
Jewellery
 o - a ring of protection from cold (right hand)
 t - a ring of see invisible (left hand)
Scrolls
 g - 2 scrolls of remove curse {unknown}
 j - 2 scrolls of amnesia {unknown}
 m - a scroll of magic mapping {unknown}
 n - a scroll of noise {unknown}
 p - 4 scrolls of identify {unknown}
 r - a scroll of blinking {unknown}
 s - a scroll of fear {unknown}
 w - a scroll of random uselessness {unknown}
Potions
 e - 2 potions of curing {unknown}
 i - a potion of brilliance {unknown}
 l - a potion of experience {unknown}
 v - a potion of lignification {unknown}
Comestibles
 f - 4 bread rations
 h - 3 chunks of flesh
 k - 2 meat rations
 q - a slice of pizza
 u - a beef jerky


   Skills:
 + Level 4.5 Fighting
 * Level 4.4 Maces & Flails
 - Level 2.0 Throwing
 - Level 2.6 Dodging


You had 4 spell levels left.
You didn't know any spells.

Dungeon Overview and Level Annotations

Branches:
Dungeon (3/15)

Altars:
Cheibriados
Makhleb


Innate Abilities, Weirdness & Mutations

You are too large for most types of armour.
You have tough skin. (AC +1)


Message History

You are too injured to fight recklessly!
You are too injured to fight recklessly!
You are too injured to fight recklessly!
You are too injured to fight recklessly!
You are too injured to fight recklessly!
You are too injured to fight recklessly!
You are too injured to fight recklessly!
You are too injured to fight recklessly!
You barely miss the orc. The orc hits you with a hand axe.
You closely miss the orc. The orc hits you with a hand axe.
* * * LOW HITPOINT WARNING * * *
You barely miss the orc. The orc hits you with a hand axe!
* * * LOW HITPOINT WARNING * * *
You closely miss the orc. The orc hits you with a hand axe.
* * * LOW HITPOINT WARNING * * *
You sock the orc!
You kill the orc!
You hit the orc but do no damage. The orc hits you but does no damage.
You hit the orc but do no damage. The orc hits you with a mace.
You die...

#.....#
#.....#
#.....#
##...##
#.### #.#
#.# #..
#.####.....
#..@o.?...#
######.####


You could see an orc.

Vanquished Creatures
  A hound (D:2)
  An orc wizard (D:3)
  2 adders (D:2)
  A dart slug (D:2)
  3 leopard geckos
  8 orcs
  5 bats
  A giant cockroach (D:2)
  3 goblins
  5 hobgoblins
  2 jackals (D:1)
  4 kobolds
  A quokka (D:2)
  5 frilled lizards
  11 rats
53 creatures vanquished.

Notes
Turn   | Place    | Note
-------+----------+-------------------------------------------
     0 | D:1      | PurpleRed the Ogre Gladiator began the quest for the Orb.
     0 | D:1      | Reached XP level 1. HP: 22/22 MP: 1/1
   209 | D:1      | Reached XP level 2. HP: 18/31 MP: 2/2
  1183 | D:2      | Reached XP level 3. HP: 37/37 MP: 3/3
  1267 | D:2      | Found a snail-covered altar of Cheibriados.
  1769 | D:2      | Found a burning altar of Makhleb.
  1774 | D:2      | Reached XP level 4. HP: 38/48 MP: 4/4
  1999 | D:3      | Reached XP level 5. HP: 30/55 MP: 5/5
  2222 | D:3      | Slain by an orc

Vault maps used:
D:1:      sevenhm_arrival_forest_fort_small_5
D:2:      cheibriados_altar_1, first_bread, makhleb_heckhound_becter
D:3:      cheibrodos_gnoll_hut

Skill      XL: |  1  2  3 |
---------------+----------+-----
Maces & Flails | 3 4 |  4.4
Fighting       | 3 4 |  4.5
Throwing       | |  2.0
Dodging        | |  2.6

Action                   |  1- 3 |  4- 6 || total
-------------------------+-------+-------++-------
Melee: Flail             |   115 |    55 ||   170
 Stab: Sleeping          |     1 |       ||     1
  Eat: Chunk             |     3 |     1 ||     4
Armor: Robe              |    40 |     4 ||    44
Dodge: Dodged            |    67 |    25 ||    92
